Wild vs Penguins (R1)

Created - 13 mars 2013 at 23:32

Goals
1 2 3 T
Wild 1 0 2 3
Penguins 0 1 0 1
Shots
1 2 3 T
Wild 4 12 18 34
Penguins 9 10 14 33

1st period

1. Wild , R.J. Umberger 11 (Vaclav Prospal) at 16:41 (PP)

Penalties :
Riley Armstrong (Pit) for Holding (Minor) at 16:11, Fedor Tyutin (Min) for Hooking (Minor) at 17:42

2nd period

2. Penguins , Ruslan Fedotenko 8 (Andreas Johansson, Andy Delmore) at 8:08

Penalties :
Mark Recchi (Min) for High sticking (Minor) at 4:52, Niclas Wallin (Min) for Hooking (Minor) at 14:45

3rd period

3. Wild , R.J. Umberger 12 (Vaclav Prospal, Bret Hedican) at 3:47
4. Wild , Mark Recchi 23 (Niclas Wallin) at 16:56

Penalties :
Darren Reid (Pit) for Holding (Minor) at 0:32, Anson Carter (Min) for Tripping (Minor) at 0:32, Fedor Tyutin (Min) for Holding Stick (Minor) at 8:06, Taylor Pyatt (Pit) for Hooking (Minor) at 11:45, Chris Drury (Min) for Roughing (Minor) at 17:20, Riley Armstrong (Pit) for High sticking (Minor) at 19:26

Goalie Stats

Martin Brodeur (Min), 32 saves from 33 shots - (0,970), W, 23-18-2, 60:00 minutes
Jason LaBarbera (Pit), 31 saves from 34 shots - (0,912), L, 1-7-0, 60:00 minutes

Players Stats for Wild

Player Name              G  A  P  +/- PIM S  H  SB GA TA FO     MP     PP MP  PK MP  
------------------------------------------------------------------------------------
Adam Deadmarsh           0  0  0  -1  0   1  0  1  1  0  0/2    14:10   0:00   2:59 
Anson Carter             0  0  0   1  2   4  2  0  0  0  0/1    14:59   1:10   0:00 
Bret Hedican             0  1  1   0  0   0  1  2  0  1  0/0    21:19   1:03   4:25 
Chris Drury              0  0  0   1  2   3  2  1  0  0  18/33  21:40   1:52   4:15 
Chris Higgins            0  0  0  -1  0   4  1  0  3  1  0/0    13:09   0:00   1:57 
Danil Markov             0  0  0   0  0   0  0  0  0  0  0/0     2:25   0:00   0:00 
Fedor Tyutin             0  0  0   0  4   1  2  2  1  0  0/0    17:57   0:52   1:54 
Jozef Stumpel            0  0  0   1  0   3  2  1  0  0  1/2    19:48   1:52   2:30 
Mark Recchi              1  0  1   1  2   4  0  2  0  0  7/10   24:37   1:52   4:31 
Mike Green               0  0  0   0  0   0  2  0  0  1  0/0    28:35   1:59   5:30 
Mike Knuble              0  0  0   0  0   1  0  0  0  1  0/0     5:22   0:00   0:00 
Mike Ricci               0  0  0  -1  0   0  1  1  0  2  4/4    14:11   0:00   1:23 
Nathan Dempsey           0  0  0   0  0   1  2  3  0  0  0/0    26:26   1:59   5:30 
Niclas Wallin            0  1  1   1  2   0  0  1  0  0  0/0    10:40   0:11   0:00 
R.J. Umberger            2  0  2   1  0   7  1  0  0  0  0/0    14:33   1:10   0:00 
Rod Brind'Amour          0  0  0   0  0   1  0  0  0  0  0/3     6:37   0:00   0:00 
Shane Hnidy              0  0  0   1  0   0  1  0  0  0  0/0    12:55   0:00   2:31 
Vaclav Prospal           0  2  2   1  0   4  1  0  0  0  7/9    18:37   1:10   2:15 

Players Stats for Penguins

Player Name              G  A  P  +/- PIM S  H  SB GA TA FO     MP     PP MP  PK MP  
------------------------------------------------------------------------------------
Andreas Johansson        0  1  1   0  0   0  0  1  1  1  0/1    22:05   5:59   0:00 
Andy Delmore             0  1  1  -1  0   0  1  2  0  0  0/0    16:58   0:00   0:00 
Ben Eager                0  0  0  -1  0   0  0  0  0  0  0/1     8:43   0:00   2:46 
Carlo Colaiacovo         0  0  0   0  0   2  1  0  0  1  0/0    23:06   6:11   2:22 
Dan Hamhuis              0  0  0   0  0   3  1  1  0  1  0/0    16:43   3:44   0:40 
Darcy Tucker             0  0  0  -1  0   0  4  0  0  0  0/0     6:03   0:00   0:16 
Darren Reid              0  0  0   0  2   1  3  0  0  0  2/3    19:09   3:56   0:00 
Marc-Édouard Vlasic      0  0  0  -1  0   2  0  0  2  0  0/0    27:43   6:11   0:00 
Martin Skoula            0  0  0   0  0   2  0  3  0  1  0/0    20:08   3:44   0:40 
Mike Watt                0  0  0   0  0   1  1  0  0  1  0/0    10:03   0:00   0:00 
Riley Armstrong          0  0  0  -1  4   0  2  0  0  0  0/1     6:45   0:00   0:16 
Ruslan Fedotenko         1  0  1   0  0   3  1  0  0  0  0/0    10:03   0:00   0:00 
Ryan Getzlaf             0  0  0   0  0   4  2  2  0  0  12/19  18:47   3:56   0:00 
Ryan Kesler              0  0  0   0  0   3  1  0  1  0  10/27  21:46   5:59   0:00 
Steve Staios             0  0  0   0  0   4  1  1  0  0  0/0    15:22   0:00   2:22 
T.J. Hensick             0  0  0   0  0   4  4  0  0  0  3/11   12:53   0:00   2:46 
Taylor Pyatt             0  0  0   0  2   0  3  0  0  0  0/0    18:43   3:56   0:00 
Ted Purcell              0  0  0   0  0   4  0  1  2  0  0/1    19:55   5:59   0:00 

3 Stars

1 - R.J. Umberger (Min)
2 - Martin Brodeur (Min)
3 - Vaclav Prospal (Min)

Power Play

Wild - 1 on 3 Attempt(s) - 33,33%
Penguins - 0 on 5 Attempt(s) - 0,00%

Penalty Kill

Wild - 5 on 5 Attempt(s) - 100,00% - Score 0 goal in Penalty Kill
Penguins - 2 on 3 Attempt(s) - 66,67% - Score 0 goal in Penalty Kill

Official

Referees : Lee Chris and Kowal Tom
Linesman : Lonnie Cameron and Pierre Champoux

Game Notes

Fedor Tyutin is injured at 15:07 of 3rd period (Strained Left Elbow)

Finance

Level 1 -- Attendance: 5812 (96,87%) -- Ticket Income 441 712 $
Level 2 -- Attendance: 4415 (88,30%) -- Ticket Income 216 335 $
Level 3 -- Attendance: 2000 (100,00%) -- Ticket Income 52 000 $
Level 4 -- Attendance: 3589 (89,73%) -- Ticket Income 64 602 $
Luxury Box -- Attendance: 1000 (100,00%) -- Ticket Income 170 000 $
Game was played at the Igloo
Total Attendance: 16816 (93,42%)
Total Ticket Income: 944 649 $
Total Income: 944 649 $

Wild

5 vs 5 Forward 
   Center                   Left Wing                Right Wing               Time % Phy DF OF 
 1 Chris Drury              Jozef Stumpel            Mark Recchi              40     1   2  2  
 2 Vaclav Prospal           R.J. Umberger            Anson Carter             30     1   2  2  
 3 Mike Ricci               Chris Higgins            Adam Deadmarsh           20     1   2  2  
 4 Rod Brind'Amour          Mark Recchi              Mike Knuble              10     1   2  2  

5 vs 5 Defense 
   Defense                  Defense                                           Time % Phy DF OF 
 1 Mike Green               Nathan Dempsey                                    40     1   2  2  
 2 Fedor Tyutin             Bret Hedican                                      30     1   2  2  
 3 Niclas Wallin            Shane Hnidy                                       20     1   2  2  
 4 Danil Markov             Mike Green                                        10     1   2  2  

PowerPlay Forward 
   Center                   Left Wing                Right Wing               Time % Phy DF OF 
 1 Chris Drury              Jozef Stumpel            Mark Recchi              60     1   2  2  
 2 Vaclav Prospal           R.J. Umberger            Anson Carter             40     1   2  2  

PowerPlay Defense
   Defense                  Defense                                           Time % Phy DF OF 
 1 Mike Green               Nathan Dempsey                                    60     1   2  2  
 2 Fedor Tyutin             Bret Hedican                                      40     1   2  2  

Penalty Kill 4 Players Forward 
   Center                   Wing                     Time % Phy DF OF 
 1 Mark Recchi              Chris Drury              60     1   2  2  
 2 Jozef Stumpel            Vaclav Prospal           40     1   2  2  

Penalty Kill 4 Players Defense
   Defense                  Defense                  Time % Phy DF OF 
 1 Mike Green               Nathan Dempsey           60     1   2  2  
 2 Fedor Tyutin             Bret Hedican             40     1   2  2  

Penalty Kill - 3 Players Forward 
   Forward                                           Time % Phy DF OF 
 1 Mark Recchi                                       60     1   2  2  
 2 Chris Drury                                       40     1   2  2  

Penalty Kill - 3 Players Defense
   Defense                  Defense                  Time % Phy DF OF 
 1 Mike Green               Nathan Dempsey           60     1   2  2  
 2 Fedor Tyutin             Bret Hedican             40     1   2  2  

4 vs 4 Forward 
   Center                   Wing                     Time % Phy DF OF 
 1 Mark Recchi              Chris Drury              60     1   2  2  
 2 Jozef Stumpel            Vaclav Prospal           40     1   2  2  

4 vs 4 Defense
   Defense                  Defense                  Time % Phy DF OF 
 1 Mike Green               Nathan Dempsey           60     1   2  2  
 2 Fedor Tyutin             Bret Hedican             40     1   2  2  

Last Minutes Offensive
   Center                   Left Wing                Right Wing               Defense                  Defense                  
   Chris Drury              Jozef Stumpel            Mark Recchi              Mike Green               Nathan Dempsey           

Last Minutes Defensive
   Center                   Left Wing                Right Wing               Defense                  Defense                  
   Chris Drury              Jozef Stumpel            Mark Recchi              Mike Green               Nathan Dempsey           

Goaltenders
Starting : Martin Brodeur           
Backup : Jamie Storr              

Extra Forwards
Normal : Mike Ricci, Rod Brind'Amour, Adam Deadmarsh - PP : Mike Ricci, Rod Brind'Amour - PK : Adam Deadmarsh
Extra Defensemen
Normal : Niclas Wallin, Shane Hnidy, Danil Markov - PP : Niclas Wallin - PK : Shane Hnidy, Danil Markov
Penalty Shots
Mark Recchi, Chris Drury, Jozef Stumpel, Vaclav Prospal, Mike Ricci

Penguins

5 vs 5 Forward 
   Center                   Left Wing                Right Wing               Time % Phy DF OF 
 1 Ryan Kesler              Andreas Johansson        Darren Reid              38     0   1  4  
 2 Ryan Getzlaf             Taylor Pyatt             Ted Purcell              38     0   1  4  
 3 T.J. Hensick             Ruslan Fedotenko         Mike Watt                17     0   1  4  
 4 Riley Armstrong          Ben Eager                Darcy Tucker             7      0   1  4  

5 vs 5 Defense 
   Defense                  Defense                                           Time % Phy DF OF 
 1 Andy Delmore             Marc-Édouard Vlasic                               40     0   1  4  
 2 Carlo Colaiacovo         Martin Skoula                                     30     0   1  4  
 3 Dan Hamhuis              Steve Staios                                      20     0   1  4  
 4 Steve Staios             Marc-Édouard Vlasic                               10     0   1  4  

PowerPlay Forward 
   Center                   Left Wing                Right Wing               Time % Phy DF OF 
 1 Ryan Kesler              Andreas Johansson        Ted Purcell              60     0   1  4  
 2 Ryan Getzlaf             Taylor Pyatt             Darren Reid              40     0   1  4  

PowerPlay Defense
   Defense                  Defense                                           Time % Phy DF OF 
 1 Carlo Colaiacovo         Marc-Édouard Vlasic                               60     0   1  4  
 2 Dan Hamhuis              Martin Skoula                                     40     1   1  3  

Penalty Kill 4 Players Forward 
   Center                   Wing                     Time % Phy DF OF 
 1 T.J. Hensick             Ben Eager                60     1   1  3  
 2 Riley Armstrong          Darcy Tucker             40     1   1  3  

Penalty Kill 4 Players Defense
   Defense                  Defense                  Time % Phy DF OF 
 1 Carlo Colaiacovo         Steve Staios             60     1   1  3  
 2 Dan Hamhuis              Martin Skoula            40     1   1  3  

Penalty Kill - 3 Players Forward 
   Forward                                           Time % Phy DF OF 
 1 Ben Eager                                         60     1   1  3  
 2 Riley Armstrong                                   40     1   1  3  

Penalty Kill - 3 Players Defense
   Defense                  Defense                  Time % Phy DF OF 
 1 Steve Staios             Carlo Colaiacovo         60     1   1  3  
 2 Dan Hamhuis              Martin Skoula            40     1   1  3  

4 vs 4 Forward 
   Center                   Wing                     Time % Phy DF OF 
 1 Ryan Kesler              Darren Reid              60     0   1  4  
 2 Ryan Getzlaf             Taylor Pyatt             40     0   1  4  

4 vs 4 Defense
   Defense                  Defense                  Time % Phy DF OF 
 1 Steve Staios             Marc-Édouard Vlasic      60     0   1  4  
 2 Dan Hamhuis              Martin Skoula            40     0   1  4  

Last Minutes Offensive
   Center                   Left Wing                Right Wing               Defense                  Defense                  
   Ryan Kesler              Taylor Pyatt             Darren Reid              Steve Staios             Marc-Édouard Vlasic      

Last Minutes Defensive
   Center                   Left Wing                Right Wing               Defense                  Defense                  
   Ryan Kesler              Andreas Johansson        Ted Purcell              Carlo Colaiacovo         Martin Skoula            

Goaltenders
Starting : Jason LaBarbera          
Backup : Brian Elliott            

Extra Forwards
Normal : Ryan Getzlaf, Ryan Kesler, Taylor Pyatt - PP : Ryan Getzlaf, Ryan Kesler - PK : Ruslan Fedotenko
Extra Defensemen
Normal : Carlo Colaiacovo, Steve Staios, Dan Hamhuis - PP : Marc-Édouard Vlasic - PK : Steve Staios, Dan Hamhuis
Penalty Shots
Ryan Kesler, Ryan Getzlaf, Riley Armstrong, Darren Reid, Taylor Pyatt

% Time on Ice - Wild

Lines # - Real PCT - Wanted PCT - Time Play
Normal Forward
1 - 30% - 40% - 13:40
2 - 34% - 30% - 15:13
3 - 24% - 20% - 10:49
4 - 12% - 10% - 5:22
Normal Defense
1 - 39% - 40% - 17:30
2 - 34% - 30% - 15:19
3 - 22% - 20% - 9:58
4 - 5% - 10% - 2:17
PP Forward
1 - 62% - 60% - 1:52
2 - 38% - 40% - 1:10
PP Defense
1 - 65% - 60% - 1:59
2 - 35% - 40% - 1:03
PK Forward
1 - 77% - 60% - 7:40
2 - 23% - 40% - 2:15
PK Defense
1 - 55% - 60% - 5:30
2 - 45% - 40% - 4:25
PK3 Forward
1 - 0% - 60%
2 - 0% - 40%
PK3 Defense
1 - 0% - 60%
2 - 0% - 40%
44 Forward
1 - 85% - 60% - 1:41
2 - 15% - 40% - 0:18
44 Defense
1 - 73% - 60% - 1:27
2 - 27% - 40% - 0:32
Last Minute Offensive  - 0:00
Last Minute Defensive  - 0:00
Total
Forward - 60:00
Defense - 60:00

% Time on Ice - Penguins

Lines # - Real PCT - Wanted PCT - Time Play
Normal Forward
1 - 34% - 38% - 15:16
2 - 31% - 38% - 13:58
3 - 22% - 17% - 10:03
4 - 13% - 7% - 5:47
Normal Defense
1 - 41% - 40% - 18:31
2 - 33% - 30% - 14:55
3 - 21% - 20% - 9:35
4 - 5% - 10% - 2:03
PP Forward
1 - 60% - 60% - 5:59
2 - 40% - 40% - 3:56
PP Defense
1 - 62% - 60% - 6:11
2 - 38% - 40% - 3:44
PK Forward
1 - 91% - 60% - 2:46
2 - 9% - 40% - 0:16
PK Defense
1 - 78% - 60% - 2:22
2 - 22% - 40% - 0:40
PK3 Forward
1 - 0% - 60%
2 - 0% - 40%
PK3 Defense
1 - 0% - 60%
2 - 0% - 40%
44 Forward
1 - 100% - 60% - 1:59
2 - 0% - 40% - 0:00
44 Defense
1 - 59% - 60% - 1:10
2 - 41% - 40% - 0:49
Last Minute Offensive  - 0:00
Last Minute Defensive  - 0:00
Total
Forward - 60:00
Defense - 60:00

Play by Play

1st period


0:01 of 1st period - Ryan Kesler wins face-off versus Chris Drury in neutral zone.
0:30 of 1st period - Snap shot by Ted Purcell.
0:30 of 1st period - Stopped by Martin Brodeur without a rebound.
0:31 of 1st period - Mike Ricci wins face-off versus Ted Purcell in Wild zone.
0:42 of 1st period - Fedor Tyutin is hit by Ryan Getzlaf and loses puck.
1:42 of 1st period - Snap shot by Ryan Getzlaf.
1:42 of 1st period - Shot Blocked by Adam Deadmarsh.
1:44 of 1st period - Slapshot by Carlo Colaiacovo.
1:44 of 1st period - Stopped by Martin Brodeur without a rebound.
1:45 of 1st period - Ryan Kesler wins face-off versus Chris Drury in Wild zone.
1:56 of 1st period - Wrist shot by Andreas Johansson.
1:56 of 1st period - Shot Blocked by Niclas Wallin.
2:10 of 1st period - Niclas Wallin is hit by T.J. Hensick and loses puck.
2:31 of 1st period - Snap shot by Mark Recchi.
2:31 of 1st period - Shot Misses the Net.
2:37 of 1st period - Rod Brind'Amour is hit by Darcy Tucker and loses puck.
2:48 of 1st period - Wrist shot by Vaclav Prospal.
2:48 of 1st period - Shot Blocked by Dan Hamhuis.
3:42 of 1st period - Fedor Tyutin is hit by Darcy Tucker and loses puck.
3:55 of 1st period - Marc-Édouard Vlasic is hit by R.J. Umberger.
5:12 of 1st period - Mike Ricci is hit by Steve Staios and loses puck.
5:25 of 1st period - Steve Staios is hit by Mike Green and loses puck.
5:40 of 1st period - Slapshot by T.J. Hensick.
5:40 of 1st period - Stopped by Martin Brodeur without a rebound.
5:41 of 1st period - Chris Drury wins face-off versus T.J. Hensick in Wild zone.
5:57 of 1st period - Wrist shot by T.J. Hensick.
5:57 of 1st period - Stopped by Martin Brodeur with a rebound.
7:26 of 1st period - Wrist shot by Adam Deadmarsh.
7:26 of 1st period - Shot Misses the Net.
8:17 of 1st period - Snap shot by Darren Reid.
8:17 of 1st period - Deflect By Fedor Tyutin.
8:17 of 1st period - Shot Misses the Net.
8:17 of 1st period - Puck is out of play.
8:18 of 1st period - Vaclav Prospal wins face-off versus Ryan Kesler in Wild zone.
8:51 of 1st period - Slapshot by Chris Drury.
8:51 of 1st period - Shot Misses the Net.
9:27 of 1st period - Slapshot by Steve Staios.
9:27 of 1st period - Stopped by Martin Brodeur with a rebound.
9:45 of 1st period - Snap shot by Jozef Stumpel.
9:45 of 1st period - Shot Misses the Net.
9:47 of 1st period - Slapshot by Fedor Tyutin.
9:47 of 1st period - Stopped by Jason LaBarbera with a rebound.
9:49 of 1st period - Snap shot by Mark Recchi.
9:49 of 1st period - Shot Misses the Net.
10:22 of 1st period - Wrist shot by Marc-Édouard Vlasic.
10:22 of 1st period - Deflect By Ryan Getzlaf.
10:22 of 1st period - Stopped by Martin Brodeur with a rebound.
10:40 of 1st period - Snap shot by Chris Higgins.
10:40 of 1st period - Stopped by Jason LaBarbera with a rebound.
11:05 of 1st period - Wrist shot by Mike Ricci.
11:05 of 1st period - Shot Blocked by Martin Skoula.
11:07 of 1st period - Slapshot by Nathan Dempsey.
11:07 of 1st period - Deflect By Mike Ricci.
11:07 of 1st period - Shot Blocked by Ryan Getzlaf.
11:07 of 1st period - Puck is out of play.
11:08 of 1st period - Ryan Kesler wins face-off versus Chris Drury in Penguins zone.
11:08 of 1st period - Ryan Kesler is hit by Chris Drury.
11:16 of 1st period - Slapshot by Marc-Édouard Vlasic.
11:16 of 1st period - Shot Blocked by Mark Recchi.
11:32 of 1st period - Bret Hedican is hit by Andy Delmore and loses puck.
11:54 of 1st period - Snap shot by Ben Eager.
11:54 of 1st period - Shot Blocked by Mark Recchi.
12:54 of 1st period - Mike Ricci is hit by T.J. Hensick.
13:31 of 1st period - Mike Green is hit by T.J. Hensick and loses puck.
14:22 of 1st period - Snap shot by T.J. Hensick.
14:22 of 1st period - Shot Hit the Post.
14:24 of 1st period - Slapshot by Dan Hamhuis.
14:24 of 1st period - Deflect By R.J. Umberger.
14:24 of 1st period - Stopped by Martin Brodeur with a rebound.
14:48 of 1st period - Chris Drury is hit by Darcy Tucker.
14:54 of 1st period - Bret Hedican is hit by Riley Armstrong and loses puck.
15:05 of 1st period - Martin Skoula is hit by Mike Ricci and loses puck.
15:16 of 1st period - Andreas Johansson is hit by Anson Carter.
15:50 of 1st period - Snap shot by Ted Purcell.
15:50 of 1st period - Shot Misses the Net.
16:11 of 1st period - Minor Penalty to Riley Armstrong for Holding.
16:12 of 1st period - Chris Drury wins face-off versus T.J. Hensick in Penguins zone.
16:15 of 1st period - Wrist shot by Jozef Stumpel.
16:15 of 1st period - Shot Hit the Post.
16:23 of 1st period - Wrist shot by Chris Drury.
16:23 of 1st period - Shot Misses the Net.
16:25 of 1st period - Wrist shot by Jozef Stumpel.
16:25 of 1st period - Shot Misses the Net.
16:41 of 1st period - Wrist shot by R.J. Umberger.
16:41 of 1st period - Goal by R.J. Umberger - Wild : 1 - Penguins : 0.
16:42 of 1st period - Chris Drury wins face-off versus Ryan Kesler in neutral zone.
16:47 of 1st period - Slapshot by Mike Green.
16:47 of 1st period - Shot Blocked by Andy Delmore.
17:09 of 1st period - Mike Green is hit by Ruslan Fedotenko and loses puck.
17:42 of 1st period - Minor Penalty to Fedor Tyutin for Hooking.
17:43 of 1st period - Mark Recchi wins face-off versus Ryan Kesler in Wild zone.
17:58 of 1st period - Slapshot by Andreas Johansson.
17:58 of 1st period - Deflect By Ted Purcell.
17:58 of 1st period - Stopped by Martin Brodeur with a rebound.
18:16 of 1st period - Slapshot by Vaclav Prospal.
18:16 of 1st period - Stopped by Jason LaBarbera with a rebound.
19:14 of 1st period - Nathan Dempsey is hit by Dan Hamhuis.
19:35 of 1st period - Slapshot by Dan Hamhuis.
19:35 of 1st period - Stopped by Martin Brodeur without a rebound.
19:36 of 1st period - Jozef Stumpel wins face-off versus Ryan Getzlaf in Wild zone.
19:42 of 1st period - Penalty to Fedor Tyutin is over, Fedor Tyutin is back on ice.

2nd period


0:01 of 2nd period - Ryan Kesler wins face-off versus Chris Drury in neutral zone.
0:32 of 2nd period - Slapshot by Mike Green.
0:32 of 2nd period - Shot Blocked by Martin Skoula.
0:34 of 2nd period - Snap shot by Vaclav Prospal.
0:34 of 2nd period - Shot Blocked by Ted Purcell.
0:36 of 2nd period - Wrist shot by Vaclav Prospal.
0:36 of 2nd period - Shot Misses the Net.
0:48 of 2nd period - Mike Ricci is hit by T.J. Hensick and loses puck.
0:59 of 2nd period - Snap shot by Ruslan Fedotenko.
0:59 of 2nd period - Stopped by Martin Brodeur without a rebound.
1:00 of 2nd period - Chris Drury wins face-off versus Darren Reid in Wild zone.
1:02 of 2nd period - Icing by Jozef Stumpel.
1:03 of 2nd period - Chris Drury wins face-off versus Ryan Kesler in Wild zone.
1:12 of 2nd period - Slapshot by Marc-Édouard Vlasic.
1:12 of 2nd period - Stopped by Martin Brodeur with a rebound.
1:14 of 2nd period - Snap shot by Andreas Johansson.
1:14 of 2nd period - Shot Blocked by Chris Drury.
1:16 of 2nd period - Slapshot by Marc-Édouard Vlasic.
1:16 of 2nd period - Deflect By Ryan Kesler.
1:16 of 2nd period - Stopped by Martin Brodeur without a rebound.
1:17 of 2nd period - Ryan Kesler wins face-off versus Chris Drury in Wild zone.
1:18 of 2nd period - Snap shot by Darren Reid.
1:18 of 2nd period - Shot Misses the Net.
1:20 of 2nd period - Slapshot by Andy Delmore.
1:20 of 2nd period - Shot Blocked by Nathan Dempsey.
2:09 of 2nd period - Ruslan Fedotenko is hit by Fedor Tyutin and loses puck.
2:28 of 2nd period - Slapshot by Bret Hedican.
2:28 of 2nd period - Deflect By Mark Recchi.
2:28 of 2nd period - Stopped by Jason LaBarbera with a rebound.
2:36 of 2nd period - Mark Recchi is hit by Darcy Tucker and loses puck.
2:51 of 2nd period - Snap shot by Darren Reid.
2:51 of 2nd period - Shot Blocked by Fedor Tyutin.
2:53 of 2nd period - Snap shot by Carlo Colaiacovo.
2:53 of 2nd period - Shot Misses the Net.
2:55 of 2nd period - Snap shot by Darren Reid.
2:55 of 2nd period - Shot Misses the Net.
3:13 of 2nd period - Snap shot by Chris Higgins.
3:13 of 2nd period - Stopped by Jason LaBarbera without a rebound.
3:14 of 2nd period - Ryan Getzlaf wins face-off versus Adam Deadmarsh in Penguins zone.
3:25 of 2nd period - Snap shot by Chris Higgins.
3:25 of 2nd period - Shot Blocked by Ryan Getzlaf.
3:48 of 2nd period - Wrist shot by Mike Watt.
3:48 of 2nd period - Deflect By T.J. Hensick.
3:48 of 2nd period - Stopped by Martin Brodeur with a rebound.
3:50 of 2nd period - Slapshot by Andy Delmore.
3:50 of 2nd period - Shot Misses the Net.
3:52 of 2nd period - Wrist shot by Ruslan Fedotenko.
3:52 of 2nd period - Shot Misses the Net.
4:02 of 2nd period - Carlo Colaiacovo is hit by Jozef Stumpel and loses puck.
4:09 of 2nd period - Snap shot by Ryan Kesler.
4:09 of 2nd period - Shot Misses the Net.
4:33 of 2nd period - Snap shot by Steve Staios.
4:33 of 2nd period - Stopped by Martin Brodeur without a rebound.
4:34 of 2nd period - Vaclav Prospal wins face-off versus Riley Armstrong in Wild zone.
4:43 of 2nd period - Snap shot by Anson Carter.
4:43 of 2nd period - Deflect By Vaclav Prospal.
4:43 of 2nd period - Stopped by Jason LaBarbera without a rebound.
4:44 of 2nd period - Chris Drury wins face-off versus Ryan Kesler in Penguins zone.
4:52 of 2nd period - Minor Penalty to Mark Recchi for High sticking.
4:53 of 2nd period - Ryan Kesler wins face-off versus Adam Deadmarsh in Wild zone.
5:06 of 2nd period - Wrist shot by Andreas Johansson.
5:06 of 2nd period - Shot Misses the Net.
6:15 of 2nd period - Snap shot by Vaclav Prospal.
6:15 of 2nd period - Shot Misses the Net.
6:37 of 2nd period - Taylor Pyatt is hit by Chris Higgins and loses puck.
6:51 of 2nd period - Icing by Andreas Johansson.
6:52 of 2nd period - Penalty to Mark Recchi is over, Mark Recchi is back on ice.
6:52 of 2nd period - Vaclav Prospal wins face-off versus Ryan Kesler in Penguins zone.
6:57 of 2nd period - Wrist shot by R.J. Umberger.
6:57 of 2nd period - Stopped by Jason LaBarbera with a rebound.
7:03 of 2nd period - Wrist shot by R.J. Umberger.
7:03 of 2nd period - Shot Blocked by Andreas Johansson.
7:05 of 2nd period - Snap shot by R.J. Umberger.
7:05 of 2nd period - Stopped by Jason LaBarbera without a rebound.
7:06 of 2nd period - T.J. Hensick wins face-off versus Anson Carter in Penguins zone.
7:21 of 2nd period - Snap shot by Mike Watt.
7:21 of 2nd period - Stopped by Martin Brodeur without a rebound.
7:22 of 2nd period - Ryan Getzlaf wins face-off versus Chris Drury in Wild zone.
7:52 of 2nd period - Backhand shot by Vaclav Prospal.
7:52 of 2nd period - Shot Misses the Net.
7:54 of 2nd period - Wrist shot by R.J. Umberger.
7:54 of 2nd period - Shot Misses the Net.
7:56 of 2nd period - Snap shot by R.J. Umberger.
7:56 of 2nd period - Stopped by Jason LaBarbera with a rebound.
8:06 of 2nd period - Slapshot by Andreas Johansson.
8:06 of 2nd period - Shot Blocked by Mike Ricci.
8:08 of 2nd period - Slapshot by Ruslan Fedotenko.
8:08 of 2nd period - Goal by Ruslan Fedotenko - Wild : 1 - Penguins : 1.
8:09 of 2nd period - Chris Drury wins face-off versus Ryan Kesler in neutral zone.
8:16 of 2nd period - Snap shot by Chris Drury.
8:16 of 2nd period - Stopped by Jason LaBarbera with a rebound.
8:34 of 2nd period - R.J. Umberger is hit by Taylor Pyatt and loses puck.
9:13 of 2nd period - Rod Brind'Amour is hit by Riley Armstrong and loses puck.
10:38 of 2nd period - Snap shot by Anson Carter.
10:38 of 2nd period - Stopped by Jason LaBarbera with a rebound.
10:43 of 2nd period - Off-side.
10:44 of 2nd period - Chris Drury wins face-off versus Ryan Getzlaf in neutral zone.
10:54 of 2nd period - Mike Green is hit by Taylor Pyatt and loses puck.
11:51 of 2nd period - Icing by Mike Watt.
11:52 of 2nd period - Ryan Getzlaf wins face-off versus Chris Drury in Penguins zone.
12:03 of 2nd period - Ted Purcell is hit by Chris Drury and loses puck.
12:29 of 2nd period - Snap shot by Steve Staios.
12:29 of 2nd period - Stopped by Martin Brodeur without a rebound.
12:30 of 2nd period - Chris Drury wins face-off versus Ryan Kesler in Wild zone.
12:35 of 2nd period - Wrist shot by Ryan Kesler.
12:35 of 2nd period - Stopped by Martin Brodeur without a rebound.
12:36 of 2nd period - Chris Drury wins face-off versus Ryan Kesler in Wild zone.
13:14 of 2nd period - Carlo Colaiacovo is hit by Anson Carter and loses puck.
13:33 of 2nd period - Wrist shot by Mike Ricci.
13:33 of 2nd period - Shot Misses the Net.
13:42 of 2nd period - Mike Green is hit by Mike Watt and loses puck.
14:29 of 2nd period - Slapshot by Andreas Johansson.
14:29 of 2nd period - Shot Blocked by Bret Hedican.
14:42 of 2nd period - Snap shot by Ryan Kesler.
14:42 of 2nd period - Deflect By Andreas Johansson.
14:42 of 2nd period - Shot Misses the Net.
14:42 of 2nd period - Puck is out of play.
14:43 of 2nd period - Ryan Getzlaf wins face-off versus Chris Drury in Wild zone.
14:45 of 2nd period - Minor Penalty to Niclas Wallin for Hooking.
14:46 of 2nd period - Darren Reid wins face-off versus Mark Recchi in Wild zone.
14:53 of 2nd period - Wrist shot by Darren Reid.
14:53 of 2nd period - Stopped by Martin Brodeur without a rebound.
14:54 of 2nd period - Mark Recchi wins face-off versus Ryan Getzlaf in Wild zone.
15:57 of 2nd period - Mark Recchi is hit by Darren Reid.
16:18 of 2nd period - Wrist shot by Chris Higgins.
16:18 of 2nd period - Stopped by Jason LaBarbera with a rebound.
16:32 of 2nd period - Bret Hedican is hit by Ryan Kesler and loses puck.
16:43 of 2nd period - Dan Hamhuis is hit by Fedor Tyutin and loses puck.
16:45 of 2nd period - Penalty to Niclas Wallin is over, Niclas Wallin is back on ice.
17:28 of 2nd period - Riley Armstrong is hit by Shane Hnidy and loses puck.
17:33 of 2nd period - Snap shot by Vaclav Prospal.
17:33 of 2nd period - Shot Misses the Net.
18:01 of 2nd period - Slapshot by Jozef Stumpel.
18:01 of 2nd period - Stopped by Jason LaBarbera with a rebound.
18:05 of 2nd period - Wrist shot by Vaclav Prospal.
18:05 of 2nd period - Deflect By Ruslan Fedotenko.
18:05 of 2nd period - Stopped by Jason LaBarbera without a rebound.
18:06 of 2nd period - Ryan Getzlaf wins face-off versus Rod Brind'Amour in Penguins zone.
18:22 of 2nd period - Wrist shot by Mike Knuble.
18:22 of 2nd period - Deflect By Rod Brind'Amour.
18:22 of 2nd period - Stopped by Jason LaBarbera without a rebound.
18:23 of 2nd period - Ryan Kesler wins face-off versus Rod Brind'Amour in Penguins zone.
18:23 of 2nd period - Ryan Kesler is hit by Nathan Dempsey.
18:33 of 2nd period - Darren Reid is hit by Nathan Dempsey and loses puck.
18:55 of 2nd period - Wrist shot by T.J. Hensick.
18:55 of 2nd period - Shot Misses the Net.
18:57 of 2nd period - Snap shot by T.J. Hensick.
18:57 of 2nd period - Shot Misses the Net.
19:22 of 2nd period - Rod Brind'Amour is hit by Ryan Getzlaf and loses puck.

3rd period


0:01 of 3rd period - Ryan Getzlaf wins face-off versus Chris Drury in neutral zone.
0:30 of 3rd period - Andy Delmore is hit by Vaclav Prospal and loses puck.
0:32 of 3rd period - Minor Penalty to Darren Reid for Holding.
0:32 of 3rd period - Minor Penalty to Anson Carter for Tripping.
0:33 of 3rd period - Mark Recchi wins face-off versus Ryan Kesler in Penguins zone.
0:58 of 3rd period - Chris Drury is hit by Taylor Pyatt and loses puck.
1:17 of 3rd period - Wrist shot by Ryan Getzlaf.
1:17 of 3rd period - Deflect By Fedor Tyutin.
1:17 of 3rd period - Stopped by Martin Brodeur with a rebound.
1:42 of 3rd period - Off-side.
1:43 of 3rd period - Mike Ricci wins face-off versus Ryan Kesler in neutral zone.
1:56 of 3rd period - Wrist shot by Mike Ricci.
1:56 of 3rd period - Shot Misses the Net.
2:32 of 3rd period - Penalty to Darren Reid is over, Darren Reid is back on ice.
2:32 of 3rd period - Penalty to Anson Carter is over, Anson Carter is back on ice.
2:52 of 3rd period - Wrist shot by Jozef Stumpel.
2:52 of 3rd period - Shot Blocked by Martin Skoula.
2:54 of 3rd period - Slapshot by Anson Carter.
2:54 of 3rd period - Stopped by Jason LaBarbera with a rebound.
2:56 of 3rd period - Slapshot by Nathan Dempsey.
2:56 of 3rd period - Shot Misses the Net.
2:58 of 3rd period - Wrist shot by Anson Carter.
2:58 of 3rd period - Stopped by Jason LaBarbera without a rebound.
2:59 of 3rd period - Mike Ricci wins face-off versus Ryan Getzlaf in Penguins zone.
3:02 of 3rd period - Slapshot by Chris Higgins.
3:02 of 3rd period - Stopped by Jason LaBarbera with a rebound.
3:47 of 3rd period - Wrist shot by R.J. Umberger.
3:47 of 3rd period - Goal by R.J. Umberger - Wild : 2 - Penguins : 1.
3:48 of 3rd period - Ryan Getzlaf wins face-off versus Jozef Stumpel in neutral zone.
3:53 of 3rd period - Snap shot by Ted Purcell.
3:53 of 3rd period - Stopped by Martin Brodeur with a rebound.
3:55 of 3rd period - Snap shot by Taylor Pyatt.
3:55 of 3rd period - Deflect By Ryan Getzlaf.
3:55 of 3rd period - Shot Misses the Net.
3:55 of 3rd period - Puck is out of play.
3:56 of 3rd period - Chris Drury wins face-off versus Ryan Getzlaf in Wild zone.
4:12 of 3rd period - Wrist shot by Taylor Pyatt.
4:12 of 3rd period - Shot Blocked by Nathan Dempsey.
4:14 of 3rd period - Wrist shot by Ryan Getzlaf.
4:14 of 3rd period - Stopped by Martin Brodeur without a rebound.
4:15 of 3rd period - Vaclav Prospal wins face-off versus Ryan Kesler in Wild zone.
4:26 of 3rd period - Snap shot by Vaclav Prospal.
4:26 of 3rd period - Stopped by Jason LaBarbera with a rebound.
4:28 of 3rd period - Snap shot by Vaclav Prospal.
4:28 of 3rd period - Shot Misses the Net.
4:30 of 3rd period - Snap shot by R.J. Umberger.
4:30 of 3rd period - Stopped by Jason LaBarbera with a rebound.
5:03 of 3rd period - Icing by Ruslan Fedotenko.
5:04 of 3rd period - Mike Ricci wins face-off versus T.J. Hensick in Penguins zone.
5:25 of 3rd period - Snap shot by Martin Skoula.
5:25 of 3rd period - Deflect By Chris Drury.
5:25 of 3rd period - Stopped by Martin Brodeur with a rebound.
6:35 of 3rd period - Wrist shot by Ben Eager.
6:35 of 3rd period - Shot Blocked by Jozef Stumpel.
7:01 of 3rd period - Snap shot by Mark Recchi.
7:01 of 3rd period - Stopped by Jason LaBarbera with a rebound.
7:03 of 3rd period - Snap shot by Mike Knuble.
7:03 of 3rd period - Stopped by Jason LaBarbera without a rebound.
7:04 of 3rd period - Darren Reid wins face-off versus Rod Brind'Amour in Penguins zone.
7:09 of 3rd period - Snap shot by Andreas Johansson.
7:09 of 3rd period - Shot Misses the Net.
7:11 of 3rd period - Wrist shot by Ryan Kesler.
7:11 of 3rd period - Shot Misses the Net.
7:53 of 3rd period - Wrist shot by Chris Higgins.
7:53 of 3rd period - Shot Misses the Net.
7:55 of 3rd period - Wrist shot by Chris Higgins.
7:55 of 3rd period - Shot Misses the Net.
7:57 of 3rd period - Slapshot by Bret Hedican.
7:57 of 3rd period - Shot Misses the Net.
7:59 of 3rd period - Wrist shot by Adam Deadmarsh.
7:59 of 3rd period - Stopped by Jason LaBarbera without a rebound.
8:00 of 3rd period - Chris Drury wins face-off versus Ryan Getzlaf in Penguins zone.
8:03 of 3rd period - Wrist shot by Mark Recchi.
8:03 of 3rd period - Deflect By Ted Purcell.
8:03 of 3rd period - Stopped by Jason LaBarbera without a rebound.
8:04 of 3rd period - Ryan Getzlaf wins face-off versus Chris Drury in Penguins zone.
8:06 of 3rd period - Minor Penalty to Fedor Tyutin for Holding Stick.
8:07 of 3rd period - Mark Recchi wins face-off versus Ryan Kesler in Wild zone.
8:07 of 3rd period - Mark Recchi is hit by Carlo Colaiacovo.
8:57 of 3rd period - Off-side.
8:58 of 3rd period - Ryan Getzlaf wins face-off versus Mark Recchi in neutral zone.
9:03 of 3rd period - Wrist shot by Darren Reid.
9:03 of 3rd period - Shot Misses the Net.
10:06 of 3rd period - Penalty to Fedor Tyutin is over, Fedor Tyutin is back on ice.
10:42 of 3rd period - Ben Eager is hit by Mike Green and loses puck.
11:02 of 3rd period - Icing by R.J. Umberger.
11:03 of 3rd period - Ryan Kesler wins face-off versus Vaclav Prospal in Wild zone.
11:27 of 3rd period - Dan Hamhuis is hit by Bret Hedican and loses puck.
11:30 of 3rd period - Slapshot by Dan Hamhuis.
11:30 of 3rd period - Stopped by Martin Brodeur without a rebound.
11:31 of 3rd period - Ryan Getzlaf wins face-off versus Chris Drury in Wild zone.
11:36 of 3rd period - Wrist shot by Ryan Getzlaf.
11:36 of 3rd period - Stopped by Martin Brodeur without a rebound.
11:37 of 3rd period - Ryan Getzlaf wins face-off versus Chris Drury in Wild zone.
11:45 of 3rd period - Minor Penalty to Taylor Pyatt for Hooking.
11:46 of 3rd period - T.J. Hensick wins face-off versus Chris Drury in Penguins zone.
11:55 of 3rd period - Slapshot by Nathan Dempsey.
11:55 of 3rd period - Shot Misses the Net.
12:18 of 3rd period - Off-side.
12:19 of 3rd period - T.J. Hensick wins face-off versus Vaclav Prospal in neutral zone.
12:56 of 3rd period - Snap shot by R.J. Umberger.
12:56 of 3rd period - Shot Misses the Net.
12:58 of 3rd period - Wrist shot by Anson Carter.
12:58 of 3rd period - Stopped by Jason LaBarbera without a rebound.
12:59 of 3rd period - Chris Drury wins face-off versus Ben Eager in Penguins zone.
13:00 of 3rd period - Snap shot by Mark Recchi.
13:00 of 3rd period - Shot Blocked by Steve Staios.
13:02 of 3rd period - Wrist shot by Jozef Stumpel.
13:02 of 3rd period - Deflect By T.J. Hensick.
13:02 of 3rd period - Stopped by Jason LaBarbera with a rebound.
13:14 of 3rd period - Snap shot by Chris Drury.
13:14 of 3rd period - Stopped by Jason LaBarbera without a rebound.
13:15 of 3rd period - Chris Drury wins face-off versus T.J. Hensick in Penguins zone.
13:18 of 3rd period - Slapshot by Chris Drury.
13:18 of 3rd period - Stopped by Jason LaBarbera without a rebound.
13:19 of 3rd period - Chris Drury wins face-off versus T.J. Hensick in Penguins zone.
13:26 of 3rd period - Slapshot by Jozef Stumpel.
13:26 of 3rd period - Stopped by Jason LaBarbera with a rebound.
13:28 of 3rd period - Wrist shot by Chris Drury.
13:28 of 3rd period - Deflect By Steve Staios.
13:28 of 3rd period - Shot Misses the Net.
13:28 of 3rd period - Puck is out of play.
13:29 of 3rd period - Chris Drury wins face-off versus T.J. Hensick in Penguins zone.
13:45 of 3rd period - Penalty to Taylor Pyatt is over, Taylor Pyatt is back on ice.
13:56 of 3rd period - Slapshot by Steve Staios.
13:56 of 3rd period - Stopped by Martin Brodeur without a rebound.
13:57 of 3rd period - Vaclav Prospal wins face-off versus Ryan Kesler in Wild zone.
14:22 of 3rd period - Snap shot by R.J. Umberger.
14:22 of 3rd period - Stopped by Jason LaBarbera with a rebound.
14:24 of 3rd period - Wrist shot by Vaclav Prospal.
14:24 of 3rd period - Shot Blocked by Andy Delmore.
14:26 of 3rd period - Slapshot by Nathan Dempsey.
14:26 of 3rd period - Stopped by Jason LaBarbera with a rebound.
14:28 of 3rd period - Slapshot by Nathan Dempsey.
14:28 of 3rd period - Shot Misses the Net.
14:40 of 3rd period - Snap shot by Darren Reid.
14:40 of 3rd period - Shot Blocked by Nathan Dempsey.
15:01 of 3rd period - Snap shot by Ryan Kesler.
15:01 of 3rd period - Shot Misses the Net.
15:03 of 3rd period - Slapshot by Ryan Kesler.
15:03 of 3rd period - Deflect By R.J. Umberger.
15:03 of 3rd period - Shot Misses the Net.
15:03 of 3rd period - Puck is out of play.
15:04 of 3rd period - Ryan Getzlaf wins face-off versus Chris Drury in Wild zone.
15:05 of 3rd period - Snap shot by Taylor Pyatt.
15:05 of 3rd period - Shot Misses the Net.
15:07 of 3rd period - Wrist shot by Taylor Pyatt.
15:07 of 3rd period - Shot Blocked by Fedor Tyutin.
15:07 of 3rd period - Fedor Tyutin from Wild is injured at 15:07 of 3rd period (Strained Left Elbow).
15:08 of 3rd period - Chris Drury wins face-off versus Ryan Kesler in Wild zone.
15:19 of 3rd period - Mike Green is hit by Darren Reid.
15:27 of 3rd period - Darren Reid is hit by Jozef Stumpel and loses puck.
16:34 of 3rd period - Wrist shot by T.J. Hensick.
16:34 of 3rd period - Stopped by Martin Brodeur with a rebound.
16:36 of 3rd period - Snap shot by Martin Skoula.
16:36 of 3rd period - Stopped by Martin Brodeur with a rebound.
16:38 of 3rd period - Wrist shot by Ruslan Fedotenko.
16:38 of 3rd period - Stopped by Martin Brodeur without a rebound.
16:39 of 3rd period - Vaclav Prospal wins face-off versus T.J. Hensick in Wild zone.
16:56 of 3rd period - Backhand shot by Mark Recchi.
16:56 of 3rd period - Goal by Mark Recchi - Wild : 3 - Penguins : 1.
16:57 of 3rd period - Ryan Kesler wins face-off versus Chris Drury in neutral zone.
17:07 of 3rd period - Off-side.
17:08 of 3rd period - Chris Drury wins face-off versus Ryan Kesler in neutral zone.
17:20 of 3rd period - Minor Penalty to Chris Drury for Roughing.
17:21 of 3rd period - Mark Recchi wins face-off versus Andreas Johansson in Wild zone.
17:34 of 3rd period - Wrist shot by Ryan Kesler.
17:34 of 3rd period - Stopped by Martin Brodeur with a rebound.
17:36 of 3rd period - Backhand shot by Carlo Colaiacovo.
17:36 of 3rd period - Stopped by Martin Brodeur without a rebound.
17:37 of 3rd period - Ryan Kesler wins face-off versus Mark Recchi in Wild zone.
17:42 of 3rd period - Snap shot by Ted Purcell.
17:42 of 3rd period - Stopped by Martin Brodeur without a rebound.
17:43 of 3rd period - Mark Recchi wins face-off versus Ryan Kesler in Wild zone.
18:57 of 3rd period - Slapshot by Ted Purcell.
18:57 of 3rd period - Shot Blocked by Bret Hedican.
18:59 of 3rd period - Backhand shot by Marc-Édouard Vlasic.
18:59 of 3rd period - Stopped by Martin Brodeur without a rebound.
19:00 of 3rd period - Mark Recchi wins face-off versus Ryan Getzlaf in Wild zone.
19:00 of 3rd period - Mark Recchi is hit by Darren Reid.
19:20 of 3rd period - Penalty to Chris Drury is over, Chris Drury is back on ice.
19:26 of 3rd period - Minor Penalty to Riley Armstrong for High sticking.
19:27 of 3rd period - Vaclav Prospal wins face-off versus T.J. Hensick in Penguins zone.
19:54 of 3rd period - Wrist shot by Jozef Stumpel.
19:54 of 3rd period - Shot Hit the Post.


Output by the SimonT Hockey Simulator (STHS) for François Prévost -- Original Page W3C XHTML 1.0 Valid
Hockey Simulator - Hockey Simulation - Hockey Manager